 Dungeon Crawl Stone Soup version 0.28-a0-895-g6e5f11bd55 (webtiles) character file.

Game seed: 18082371873972792483

1825 night the Skirmisher (level 9, -5/68 HPs)
             Began as a Djinni Cinder Acolyte on Nov 22, 2021.
             Was a High Priest of Ignis.
             Slain by a hellwing (16 damage)
             ... summoned by a kobold demonologist
             ... on level 6 of the Dungeon.
             The game lasted 00:18:54 (8427 turns).

night the Skirmisher (Djinni Cinder Acolyte)        Turns: 8427, Time: 00:18:55

Health: -5/68      AC:  3    Str: 19    XL:     9   Next: 32%
Gold:   244        EV: 13    Int: 18    God:    Ignis [*****.] SH:  0 Dex: 10

rFire   + + +      SeeInvis .   a - -1 falchion (flame)
rCold   x . .      Faith    .   (no shield)
rNeg    . . .      Spirit   .   b - +1 robe
rPois   ∞          Reflect  .   (no helmet)
rElec   .          Harm     .   e - scarf {repulsion}
rCorr   .          Rampage  .   (no gloves)
Will    .....                   (boots unavailable)
Stlth   +.........              t - amulet of the acrobat
HPRegen 0.21/turn               u - +6 ring of strength
MPRegen 0.00/turn               (no ring)

@: flying, repel missiles
A: sickness immunity, fire resistance 2, cold vulnerability 1, float, innate
caster, hp casting, extra vitality 1
a: Renounce Religion, Sea of Fire, Foxfire Swarm


You were on level 6 of the Dungeon.
You worshipped Ignis.
Ignis was extremely pleased with you.
You visited 1 branch of the dungeon, and saw 6 of its levels.

You collected 244 gold pieces.

Inventory:

Hand Weapons
 a - a -1 falchion of flaming (weapon)
 d - a +3 dagger
 v - a +0 rapier
 B - a +1 short sword of holy wrath
Missiles
 c - 134 stones
 f - 84 arrows
 j - 21 sling bullets
 o - 19 bolts
 z - 2 poisoned darts
 A - 2 curare-tipped darts
Armour
 b - a +1 robe (worn)
 e - a scarf of repulsion (worn)
Jewellery
 t - an amulet of the acrobat (around neck)
 u - a +6 ring of strength (left hand)
Wands
 q - a wand of digging (4)
 w - a wand of flame (21)
Scrolls
 l - a scroll of teleportation
 y - a scroll of identify
Potions
 g - 2 potions of cancellation {unknown}
 h - a potion of might {unknown}
 k - 2 potions of heal wounds
 m - 3 potions of curing {unknown}
 n - 2 potions of flight {unknown}
 p - a potion of mutation {unknown}
 r - a potion of brilliance {unknown}
 s - 2 potions of degeneration {unknown}
 x - 4 potions of attraction {unknown}
Miscellaneous
 i - a piece from Xom's chessboard (14/15)


   Skills:
 * Level 7.2 Fighting
 + Level 5.0 Long Blades
 + Level 4.7 Dodging
 * Level 5.7 Spellcasting


You had 8 spell levels left.
You knew the following spells:

 Your Spells              Type           Power      Damage    Failure   Level
a - Scorch                Fire           50%        2d7       1%          2
b - Searing Ray           Conj           50%        2d6       1%          2
c - Corpse Rot            Necr/Air       50%        N/A       1%          2
d - Animate Skeleton      Necr           50%        N/A       1%          1
e - Animate Armour        Summ/Erth      50%        N/A       12%         4
Your spell library was empty.

Dungeon Overview and Level Annotations

Branches:
Dungeon (6/15)
 Temple: D:4-7

Altars:
Nemelex Xobeh
Trog
Xom

Shops:
D:4 [((


Innate Abilities, Weirdness & Mutations

You are immune to sickness and miasma.
You are immune to poison.
Your flesh is very heat resistant. (rF++)
You are vulnerable to cold. (rC-)
You float through the air rather than walking.
You learn spells naturally, not from books.
Your magical power is your life essence.
You have superior vitality. (+4 HP)


Message History

Flames lash the hellwing but do no damage.
The kobold demonologist is no longer more vulnerable to fire.
The kobold demonologist mumbles some strange words.
The hellwing hits you but does no damage.
The hellwing hits you.
Unknown command.
Casting: Scorch (safe; 1% risk of failure)
Confirm with . or Enter, or press ? or * to list all spells.
Flames lash the iron imp.
The iron imp completely resists.
The kobold demonologist closely misses you.
The hellwing hits you! The hellwing hits you.
Unknown command.
Casting: Scorch (safe; 1% risk of failure)
Confirm with . or Enter, or press ? or * to list all spells.
Flames lash the ufetubus.
The ufetubus is burned terribly!
The ufetubus is heavily wounded.
The ufetubus's fire resistance burns away.
The kobold demonologist miscasts a cantrip.
The iron imp barely misses you. The hellwing hits you!
* * * LOW HITPOINT WARNING * * *
The hellwing closely misses you.
Unknown command.
You completely miss the kobold demonologist.
The kobold demonologist is severely wounded.
The kobold demonologist gestures wildly while chanting.
The iron imp hits you.
* * * LOW HITPOINT WARNING * * *
The hellwing barely misses you. x2
The kobold demonologist looks satisfied for a moment.
You miss the kobold demonologist.
The kobold demonologist is heavily wounded.
The ufetubus is no longer more vulnerable to fire.
The iron imp closely misses you. The hellwing barely misses you.
The hellwing hits you.
* * * LOW HITPOINT WARNING * * *
The kobold demonologist completely misses you.
You closely miss the kobold demonologist.
The kobold demonologist is heavily wounded.
The hellwing hits you!
You die...

..... ########## ....
##.....#... #..
##.......... #.#
#........... ###
###.####...........
....####......>..)........
#......#.####...<.......
####.5##4# #......>....
###.5K@.# #......[....
#...##.5# ##..<.......
#.#####.# ##.....#... #K#
#.# ########## ##4# #..
##)K# #.#. .######.5##
..#.# .........# .## #
.......[##


You could see a hellwing (summoned), a kobold demonologist, an iron imp
(summoned), a crimson imp (summoned) and an ufetubus (summoned).

Vanquished Creatures
  2 kobold demonologists (D:6)
  An ice beast (D:5)
  A necrophage (D:5)
  A centaur (D:5)
  3 kobold brigands (D:6)
  4 scorpions
  A bullfrog zombie (D:6)
  A jelly (D:5)
  A hound (D:4)
  A bullfrog skeleton (D:4)
  An orc priest (D:3)
  Natasha (D:2)
  7 orc wizards
  An iguana (D:4)
  A hound skeleton (D:4)
  Robin (D:2)
  A river rat (D:3)
  9 adders
  A white imp (D:5)
  An adder skeleton (D:4)
  An adder zombie (D:4)
  4 worms
  A dart slug (D:3)
  15 orcs
  6 endoplasms
  9 giant cockroaches (D:3)
  17 hobgoblins
  2 jackals (D:5)
  9 kobolds
  2 quokkas
  6 ball pythons
  5 bats
  4 frilled lizards
  10 goblins
  5 rats
  2 butterflies (D:3)
138 creatures vanquished.

Vanquished Creatures (others)
  A goblin (D:2)
  8 foxfires (D:4)
  19 plants (D:5)
28 creatures vanquished.

Grand Total: 166 creatures vanquished

Notes
Turn   | Place    | Note
-------+----------+-------------------------------------------
     0 | D:1      | night the Djinni Cinder Acolyte began the quest for the
                  | Orb.
     0 | D:1      | Reached XP level 1. HP: 20/20 MP: 0/0
   430 | D:1      | Reached XP level 2. HP: 21/25 MP: 0/0
  1695 | D:2      | Reached XP level 3. HP: 2/30 MP: 0/0
  1695 | D:2      | Learned a level 1 spell: Animate Skeleton
  2239 | D:2      | Noticed Robin
  2671 | D:2      | Killed Robin
  2672 | D:2      | Reached XP level 4. HP: 26/35 MP: 0/0
  3019 | D:2      | Found a faded altar of an unknown god.
  3039 | D:2      | Reached skill level 1 in Dodging
  3308 | D:3      | Reached XP level 5. HP: 37/41 MP: 0/0
  3308 | D:3      | Learned a level 2 spell: Corpse Rot
  3308 | D:3      | Noticed Natasha
  3491 | D:2      | Reached skill level 4 in Fighting
  3553 | D:2      | Killed Natasha
  3900 | D:3      | Reached XP level 6. HP: 29/47 MP: 0/0
  4102 | D:3      | Found a bloodstained altar of Trog.
  4236 | D:3      | Found a shimmering altar of Xom.
  4313 | D:3      | Reached skill level 2 in Dodging
  5165 | D:4      | Found Hezuregitz's Weapon Shop.
  5486 | D:4      | Reached XP level 7. HP: 7/53 MP: 0/0
  5486 | D:4      | Learned a level 2 spell: Searing Ray
  6011 | D:4      | Found Bewe's Weapon Emporium.
  6035 | D:4      | Reached skill level 5 in Fighting
  6081 | D:4      | Found Assimeat's Armour Boutique.
  6323 | D:5      | Entered Level 5 of the Dungeon
  6815 | D:5      | Reached XP level 8. HP: 46/60 MP: 0/0
  7385 | D:5      | Reached skill level 6 in Fighting
  7724 | D:6      | Found a sparkling altar of Nemelex Xobeh.
  7759 | D:6      | Noticed a kobold demonologist
  7776 | D:6      | Reached skill level 5 in Spellcasting
  7781 | D:6      | Killed a kobold demonologist
  7785 | D:6      | Noticed a kobold demonologist
  7794 | D:6      | Noticed an orange demon
  7799 | D:6      | Noticed a red devil
  7801 | D:6      | Killed a kobold demonologist
  7802 | D:6      | Reached XP level 9. HP: 17/67 MP: 0/0
  7802 | D:6      | Learned a level 4 spell: Animate Armour
  8059 | D:6      | Reached skill level 7 in Fighting
  8146 | D:6      | Noticed a kobold demonologist
  8149 | D:6      | Noticed a hellwing
  8159 | D:6      | Noticed an orange demon
  8395 | D:6      | Reached skill level 5 in Long Blades
  8416 | D:6      | Noticed a hellwing
  8426 | D:6      | HP: 10/68 [hellwing[a kobold demonologist] (4)]
  8427 | D:6      | Slain by a hellwing

Illustrated notes

Levels and vault maps discovered:
D:1:      tarquinn_simple_flora_water_b, layout_basic, serial_aquarium,
          aquarium_bridge_square [aquarium_subvault_bridge,
          aquarium_subvault_balcony, aquarium_subvault_bridge,
          aquarium_subvault_window], aquarium_bridge_square
          [aquarium_subvault_bridge, aquarium_subvault_bridge,
          aquarium_subvault_balcony, aquarium_subvault_bridge],
          aquarium_window_corridor_1, aquarium_window_corner, aquarium_window_1,
          aquarium_view_2d, aquarium_balcony_5b
D:2:      layout_loops_ring, hellmonk_ecumenical_altar_heavens_door,
          minmay_crystal_room, minmay_misc_feat_cross, uniq_robin
D:3:      minmay_roachtagon, layout_rooms, xom_butterflies,
          mainiacjoe_overflow_six_doors_small, portal_sewer_entry_e,
          uniq_natasha
D:4:      minmay_opposing_rooms, layout_rooms, serial_shops,
          nicolae_shop_window_shopping, kennysheep_mini_moat, kennysheep_mini
D:5:      layout_basic, serial_bayou, serial_bayou_pond_c, serial_bayou_lake_a,
          serial_bayou_ford_a, serial_bayou_pond_e
D:6:      layout_rooms, overflow_temple_1_default, temple_green

Skill      XL: |  1  2  3  4  5  6  7  8  9 |
---------------+----------------------------+-----
Long Blades    | 3 4 5 |  5.0
Spellcasting   | 3 4 5 |  5.7
Dodging        | 1 2 3 4 |  4.7
Fighting       | 4 5 6 7 |  7.2

Action                   |  1- 3 |  4- 6 |  7- 9 || total
-------------------------+-------+-------+-------++-------
Melee: Falchion          |    28 |    78 |    23 ||   129
 Cast: Scorch            |    32 |    74 |    83 ||   189
       Searing Ray       |       |       |     7 ||     7
Invok: Foxfire Swarm     |       |     1 |       ||     1
       Rising Flame      |       |       |     1 ||     1
Evoke: Piece from Xom's  |       |     3 |     1 ||     4
  Use: Scroll            |       |     6 |     2 ||     8
 Stab: Sleeping          |       |     1 |     1 ||     2
Armor: Robe              |     5 |    39 |     8 ||    52
Dodge: Dodged            |    25 |    95 |    91 ||   211
       Repelled          |       |     1 |       ||     1

Table legend: (Time is in decaauts)
 A = Elapsed time spent in this place.
 B = Non-inter-level travel time spent in this place.
 C = Inter-level travel time spent in this place.
 D = Time resting spent in this place.
 E = Time spent auto-exploring this place.
 F = Levels seen in this place.
 G = Mean time per level.
                   A        B        C        D        E       F      G
               +--------+--------+--------+--------+--------+-----+--------+
         Total |   8459 |   8278 |    181 |   2964 |   4267 |   6 | 1409.8 |
       Dungeon |   8459 |   8278 |    181 |   2964 |   4267 |   6 | 1409.8 |
               +--------+--------+--------+--------+--------+-----+--------+

Top non-repeatable levels by time:
     D:1: 1905 daAuts
     D:2: 1850 daAuts
     D:5: 1776 daAuts
     D:3: 1361 daAuts
     D:4: 1235 daAuts
     D:6: 330 daAuts
